 Dungeon Crawl Stone Soup version 0.27.1-33-g824d729ab1 (webtiles) character file.

Game seed: 7221633491928123035

250290 Borgoz the Bludgeoner (level 20, 0/134 HPs)
             Began as a Gargoyle Berserker on Nov 23, 2021.
             Was the Champion of Trog.
             Slain by a naga warrior (18 damage)
             ... on level 4 of the Snake Pit on Dec 24, 2021.
             The game lasted 01:02:13 (36318 turns).

Borgoz the Bludgeoner (Gargoyle Berserker)         Turns: 36318, Time: 01:02:13

Health: 0/134      AC: 38    Str: 23    XL:     20   Next: 7%
Magic:  20/20      EV: 13    Int: 14    God:    Trog [******]
Gold:   915        SH:  0    Dex: 20    Spells: 19/19 levels left

rFire    + . .     SeeInvis +   b - +0 morningstar (venom)
rCold    + . .     Faith    .   z - +1 kite shield {reflect}
rNeg     + . .     Spirit   .   u - +0 chain mail of Exclusion {Regen+ Int+4}
rPois    ∞         Reflect  +   L - +2 helmet {SInv}
rElec    +         Harm     .   m - scarf {rC+ rF+}
rCorr    +         Rampage  .   C - +1 pair of gloves
Will     +....     NoTele   +   G - +1 pair of boots
Stlth    ..........             Q - amulet of regeneration
HPRegen  2.32/turn              F - +6 ring of dexterity
MPRegen  0.17/turn              v - ring of resist corrosion

@: confused, ambrosia-drunk, untranslocatable, flying, constricted
A: sickness immunity, AC +15, big wings, negative energy resistance 1,
electricity resistance, torment resistance 1, petrification resistance
}: 1/15 runes: barnacled
a: Renounce Religion, Berserk, Trog's Hand, Brothers in Arms


You were on level 4 of the Snake Pit.
You worshipped Trog.
Trog was exalted by your worship.
You visited 5 branches of the dungeon, and saw 31 of its levels.
You also visited: Ice Cave.

You collected 2895 gold pieces.
You spent 1980 gold pieces at shops.

Inventory:

Hand Weapons
 a - a +8 spectral great mace
 b - a +0 morningstar of venom (weapon)
 H - the +8 double sword of the Abyss {antimagic, Str+3}
   (Trog gifted it to you on level 3 of the Snake Pit)

   It reduces the magical energy of the wielder, and disrupts the spells and
   magical abilities of those it strikes.
   Natural abilities and divine invocations are not affected.
   Str:       It affects your strength (+3).
Missiles
 e - 10 throwing nets (quivered)
Armour
 h - a +3 plate armour of fire resistance
 m - a scarf of resistance (worn)
 u - the +0 chain mail of Exclusion (worn) {Regen+ Int+4}
   (You found it on level 1 of the Orcish Mines)

   Int:       It affects your intelligence (+4).
   Regen:     It increases your rate of health regeneration.
 z - a +1 kite shield of reflection (worn)
 C - a +1 pair of gloves (worn)
 G - a +1 pair of boots (worn)
 L - a +2 helmet of see invisible (worn)
Jewellery
 n - a ring of protection from fire
 s - a ring of willpower
 v - a ring of resist corrosion (right hand)
 D - a ring of fire
 F - a +6 ring of dexterity (left hand)
 J - the ring "Biaroc" {rN+ Int+6}
   (You found it on level 3 of the Snake Pit)

   [ring of intelligence]

   Int:       It affects your intelligence (+6).
   rN:        It protects you from negative energy.
 K - a ring of ice
 O - a +6 ring of intelligence
 Q - an amulet of regeneration (around neck)
Wands
 i - a wand of acid (7)
 w - a wand of digging (20)
 A - a wand of iceblast (69)
 I - a wand of paralysis (45)
 N - a wand of flame (36)
Scrolls
 k - 14 scrolls of teleportation
 r - 6 scrolls of magic mapping
 t - 3 scrolls of fog
 x - a scroll of fear
 y - 6 scrolls of blinking
 E - a scroll of silence
 T - 2 scrolls of summoning
Potions
 c - 3 potions of attraction
 d - 4 potions of resistance
 f - 3 potions of berserk rage
 g - 5 potions of heal wounds
 j - 4 potions of cancellation
 l - 6 potions of haste
 o - 2 potions of might
 q - 10 potions of mutation
 M - 11 potions of curing


   Skills:
 * Level 17.2 Fighting
 * Level 17.7 Maces & Flails
 * Level 17.0 Armour
 * Level 14.8 Dodging
 - Level 2.0 Stealth
 + Level 9.2 Shields
 - Level 5.0 Evocations


You had 19 spell levels left.
You didn't know any spells.
Your spell library was empty.

Dungeon Overview and Level Annotations

Branches:
Dungeon (15/15)            Temple (0/1) D:6            Lair (6/6) D:9
 Shoals (4/4) Lair:2        Snake (4/4) Lair:3        Slime (0/5) Lair:6
    Orc (2/2) D:11            Elf (0/3) Orc:2        Vaults (0/5) D:13
 Depths (0/5) D:15          IceCv (visited)

Altars:
Gozag
Kikubaaqudgha
Makhleb
Nemelex Xobeh
Sif Muna
Trog
Yredelemnul
Jiyva

Shops:
D:2 *[([   D:9 [   D:11 [   Orc:2 !![!   Shoals:3 *   Snake:3 *:*!


Innate Abilities, Weirdness & Mutations

You are immune to sickness and miasma.
Your stone body is resilient. (AC +15)
You are immune to poison.
Your large and strong wings let you fly.
You resist negative energy. (rN+)
You are resistant to electric shocks. (rElec)
You are resistant to unholy torment.
You are immune to petrification.


Message History

Trog accepts your kill.
Trog appreciates your killing of a magic user.
Your shock serpent barely misses the salamander.
The naga warrior hits you but does no damage.
The naga warrior constricts you.
You feel much better.
Your shock serpent completely misses the salamander.
You block the salamander's attack. The naga warrior spits poison at you.
The splash of poison hits you but does no damage.
You resist. The naga warrior constricts you.
* * * LOW HITPOINT WARNING * * *
Your shock serpent bites the salamander but does no damage.
Your shock serpent bites the salamander!
Your shock serpent shocks the salamander!
You feel more experienced!
Your Armour skill increases to level 17!
You have reached level 20!
You feel clever.
The naga no longer looks unusually strong.
The salamander closely misses your shock serpent.
You block the nagaraja's attack.
Your shock serpent bites the salamander.
Your shock serpent shocks the salamander!
Your shock serpent bites the salamander!
The salamander dies!
Trog accepts your kill. The naga hits you with a +0 battleaxe!
* * * LOW HITPOINT WARNING * * *
The naga closely misses your shock serpent.
The naga warrior closely misses you. The naga warrior constricts you.
* * * LOW HITPOINT WARNING * * *
You are confused.
You feel invigorated.
The nagaraja no longer looks unusually strong.
The nagaraja hits you but does no damage.
The naga closely misses you. The naga misses your shock serpent. x2
The nagaraja hits you but does no damage.
The naga warrior hits you with a +0 long sword!!
You die...

..N......##
##.....##
##..##)..######
##....##...##..##
##......##...#.).#
#........##))).#)#
#........##..))#.#
##...N..##^..#)#)#
#.N@)##...##)#.#
##NS##...###.))#
..##SN...## ###.#
...........## #.#
..........## #.#
....##...## #.#
... #...## #.# ..
#...## #.# . #...#
#.#


You could see a naga warrior (catching breath, ally target), a nagaraja (fast,
very poisoned), a naga, 2 friendly shock serpents and a friendly naga
(summoned).

Vanquished Creatures
  Nikola (Shoals:3)
  Jorgrun (D:14)
  Rupert (D:15)
  Polyphemus (Shoals:2)
  Agnes (D:15)
  Frances (D:13)
  Ilsuiw (Shoals:2)
  Donald (Shoals:1)
  4 nagarajas
  An orc warlord (Orc:1)
  Aizul (Shoals:1)
  Nessos (D:15)
  The ghost of Discosetron the Thaumaturge, a journeyman DjFE of Makhleb (D:12)
  2 ettins
  4 merfolk javelineers
  10 merfolk impalers
  The ghost of Domino the Fighter, a journeyman MiBe of Trog (D:10)
  4 vault guards (D:13)
  7 hydras
  9 naga warriors
  A salamander tyrant (Snake:4)
  An ogre mage (D:10)
  2 merfolk avatars
  3 boulder beetles
  8 centaur warriors
  2 catoblepae
  12 anacondas
  2 merfolk aquamancers
  A deep troll shaman (Lair:6)
  2 two-headed ogres
  A satyr (Shoals:4)
  An alligator snapping turtle (Shoals:3)
  4 tengu warriors
  3 orc high priests (Orc:2)
  11 death yaks
  4 naga sharpshooters
  13 shock serpents
  A hell knight (D:15)
  A deep elf knight (Orc:1)
  4 salamander mystics
  12 sea snakes
  3 naga ritualists
  A wolf spider zombie (D:12)
  2 necromancers (D:15)
  2 orc knights
  4 orc sorcerers
  4 harpies (Shoals:1)
  A deep elf zephyrmancer (Orc:1)
  2 oklob plants (Shoals:4)
  13 salamanders
  11 fauns
  20 ugly things
  6 deep elf pyromancers
  9 mana vipers
  5 manticores
  5 cyclopes
  11 merfolk sirens
  The ghost of Arnot the Covered, a novice GrFi (D:6)
  5 guardian serpents
  28 black mambas
  2 ice statues (IceCv)
  Joseph (Lair:1)
  9 elephants
  Maurice (D:13)
  11 naga magi
  4 gargoyles
  7 water nymphs
  2 torpor snails
  10 cane toads
  Maggie (D:7)
  A kobold demonologist (D:13)
  5 rime drakes
  An efreet (D:15)
  2 ice devils (D:13)
  11 komodo dragons
  3 wind drakes
  6 trolls
  20 merfolk
  3 polar bears (Lair:6)
  Prince Ribbit (Lair:2)
  7 snapping turtles
  A dream sheep (Lair:3)
  3 hornets
  9 slime creatures
  19 blink frogs
  3 shadows (D:12)
  Sigmund (D:2)
  2 vampires
  4 wyverns
  A yak (shapeshifter) (D:13)
  4 wraiths
  4 water elementals
  30 yaks
  4 steam dragons
  16 vampire mosquitoes
  5 basilisks
  A warg (Orc:1)
  A death yak simulacrum (IceCv)
  35 nagas
  21 water moccasins
  2 ice beasts (D:7)
  2 sky beasts
  2 black bears
  22 orc warriors
  7 ogres
  16 wolves
  7 boggarts
  2 necrophages
  8 centaurs
  2 phantoms
  A kobold brigand (D:9)
  18 bullfrogs
  5 scorpions
  A cane toad simulacrum (IceCv)
  A water moccasin zombie (D:5)
  A jelly (D:6)
  A water moccasin skeleton (D:6)
  2 oklob saplings (D:8)
  10 wights
  4 howler monkeys
  3 centaur zombies
  4 hounds
  28 orc priests
  Crazy Yiuf (D:2)
  Jessica (D:2)
  A centaur skeleton (D:5)
  Ijyb (D:3)
  4 iguanas
  32 orc wizards
  A polar bear simulacrum (IceCv)
  3 killer bee zombies (D:6)
  A howler monkey zombie (D:9)
  3 gnolls (D:4)
  10 adders
  A shadow imp (D:6)
  A white imp (D:8)
  An ufetubus (D:7)
  An adder skeleton (D:4)
  2 dart slugs
  71 orcs
  8 endoplasms
  A giant cockroach (D:1)
  17 goblins
  11 hobgoblins
  4 quokkas
  11 ball pythons
  2 bats (D:2)
  4 frilled lizards
  16 kobolds
  5 rats
  2 plants (Shoals:4)
912 creatures vanquished.

Vanquished Creatures (collateral kills)
  2 nagarajas (Snake:4)
  4 merfolk javelineers (Shoals:4)
  A naga warrior (Snake:4)
  A hydra (Lair:6)
  A two-headed ogre (D:14)
  A merfolk aquamancer (Shoals:4)
  2 orc high priests
  8 death yaks
  4 naga sharpshooters (Snake:4)
  A salamander mystic (Snake:4)
  A salamander (Snake:4)
  An orc sorcerer (Orc:1)
  3 ugly things (D:14)
  2 naga magi (Snake:4)
  2 black mambas
  A rime drake (Lair:3)
  A tengu conjurer (D:10)
  A blink frog (Lair:3)
  A snapping turtle (Shoals:4)
  2 nagas (Snake:4)
  3 orc warriors (Orc:2)
  A centaur zombie (D:10)
  2 orc priests (Orc:2)
  3 orc wizards (Orc:2)
  A gnoll (Orc:1)
  2 orcs (Orc:2)
52 creatures vanquished.

Vanquished Creatures (others)
  A naga warrior (Snake:2)
  A harpy (Shoals:1)
  A manticore (Shoals:3)
  A merfolk (Shoals:3)
  2 nagas (Snake:2)
  An orc priest (Orc:2)
  41 fungi
  50 plants
98 creatures vanquished.

Grand Total: 1062 creatures vanquished

Notes
Turn   | Place    | Note
-------+----------+-------------------------------------------
     0 | D:1      | Borgoz the Gargoyle Berserker began the quest for the Orb.
     0 | D:1      | Reached XP level 1. HP: 14/14 MP: 1/1
   477 | D:1      | Reached XP level 2. HP: 19/19 MP: 2/2
   681 | D:1      | Found a faded altar of an unknown god.
   891 | D:1      | Reached XP level 3. HP: 23/23 MP: 3/3
  1003 | D:1      | Found a burning altar of Makhleb.
  1087 | D:1      | Reached ** piety under Trog
  1693 | D:2      | Noticed Sigmund
  1713 | D:2      | Killed Sigmund
  1714 | D:2      | Reached XP level 4. HP: 23/30 MP: 4/4
  1714 | D:2      | Reached XP level 5. HP: 26/34 MP: 5/5
  1787 | D:2      | Found a runed translucent door.
  1788 | D:2      | Noticed Crazy Yiuf
  1855 | D:2      | Found Sock's Armour Shoppe.
  1992 | D:2      | Found Rieca's Antique Weapon Emporium.
  2039 | D:2      | Found Louriyt's Antique Armour Boutique.
  2078 | D:2      | Reached XP level 6. HP: 38/39 MP: 6/6
  2091 | D:2      | Found Monlaut's Assorted Antiques.
  2236 | D:2      | Noticed Jessica
  2249 | D:2      | Killed Jessica
  2811 | D:2      | Killed Crazy Yiuf
  3171 | D:3      | Upgraded the game from 0.27.1-16-g815e20cd7a to
                  | 0.27.1-33-g824d729ab1
  3174 | D:3      | Noticed Ijyb
  3184 | D:3      | Killed Ijyb
  3185 | D:3      | Reached skill level 5 in Fighting
  3475 | D:3      | Reached *** piety under Trog
  3854 | D:3      | Noticed a black bear
  3864 | D:3      | Killed a black bear
  3865 | D:3      | Reached XP level 7. HP: 44/44 MP: 7/7
  4479 | D:4      | Reached skill level 5 in Maces & Flails
  4600 | D:4      | Found an ancient bone altar of Kikubaaqudgha.
  5023 | D:5      | Entered Level 5 of the Dungeon
  5064 | D:5      | Reached skill level 5 in Armour
  5307 | D:5      | Reached XP level 8. HP: 51/51 MP: 8/8
  5472 | D:5      | You fall into a shaft and drop 2 floors!
  5680 | D:6      | Found a staircase to the Ecumenical Temple.
  5824 | D:5      | Found a basalt altar of Yredelemnul.
  5905 | D:5      | Identified the +9 mace of Sharkskin {venom, rElec}
  6306 | D:6      | Reached skill level 1 in Shields
  6349 | D:6      | Reached XP level 9. HP: 48/56 MP: 9/9
  6601 | D:6      | Reached skill level 5 in Dodging
  6799 | D:6      | Found a runed translucent gate.
  6799 | D:6      | Found a runed translucent gate.
  6802 | D:6      | Found a runed translucent gate.
  6817 | D:6      | Noticed Arnot's ghost (novice GrFi)
  7305 | D:6      | Killed Arnot's ghost
  7422 | D:7      | Reached **** piety under Trog
  7793 | D:7      | Noticed Maggie
  7799 | D:7      | Killed Maggie
  7806 | D:7      | Reached XP level 10. HP: 44/64 MP: 10/10
  8638 | D:8      | Reached ***** piety under Trog
  9374 | D:8      | Identified the +7 dagger of Impatience {vorpal, rElec rPois
                  | Int+3}
  9708 | D:9      | Reached skill level 5 in Shields
  9937 | D:9      | Reached XP level 11. HP: 65/69 MP: 11/11
 10288 | D:9      | Found Zyxefext's Armour Shoppe.
 10350 | D:9      | Found a staircase to the Lair.
 10534 | D:10     | Entered Level 10 of the Dungeon
 10568 | D:10     | Noticed a five-headed hydra
 10569 | D:10     | Noticed an ogre mage
 10569 | D:10     | Noticed a centaur warrior
 10570 | D:10     | Noticed Domino's ghost (journeyman MiBe)
 10795 | D:2      | Bought a scroll labelled ULOASE LOER for 22 gold pieces
 10795 | D:2      | Bought a scroll labelled XUSURYMONI for 22 gold pieces
 10795 | D:2      | Bought a scroll labelled WOULOI ZAERU for 22 gold pieces
 10795 | D:2      | Bought an embroidered scarf for 176 gold pieces
 10849 | D:2      | Bought a +1 helmet of see invisible for 165 gold pieces
 10987 | Lair:1   | Entered Level 1 of the Lair of Beasts
 11262 | Lair:1   | Found a sparkling altar of Nemelex Xobeh.
 11268 | Lair:1   | Noticed Joseph
 11278 | Lair:1   | Killed Joseph
 11298 | Lair:1   | Identified the +6 war axe of Qiut {antimagic, rElec}
 12245 | Lair:2   | Noticed Prince Ribbit
 12272 | Lair:2   | Killed Prince Ribbit
 12567 | Lair:2   | Reached skill level 10 in Maces & Flails
 13006 | Lair:2   | Found a staircase to the Shoals.
 13323 | Lair:3   | Noticed a six-headed hydra
 13335 | Lair:3   | Killed a six-headed hydra
 13336 | Lair:3   | Reached XP level 12. HP: 76/76 MP: 12/12
 13620 | Lair:3   | Noticed a six-headed hydra
 13633 | Lair:3   | Killed a six-headed hydra
 14009 | Lair:3   | Noticed a death yak
 14016 | Lair:3   | Noticed a death yak
 14017 | Lair:3   | Noticed a death yak
 14017 | Lair:3   | Noticed a death yak
 14028 | Lair:3   | Killed a death yak
 14030 | Lair:3   | Killed a death yak
 14034 | Lair:3   | Killed a death yak
 14035 | Lair:3   | Reached skill level 10 in Fighting
 14036 | Lair:3   | Killed a death yak
 14113 | Lair:3   | Noticed a four-headed hydra
 14114 | Lair:3   | Found a staircase to the Snake Pit.
 14123 | Lair:3   | Killed a four-headed hydra
 14349 | Lair:3   | You fall into a shaft and drop 1 floor!
 14626 | Lair:4   | Noticed a four-headed hydra
 14636 | Lair:4   | Killed a four-headed hydra
 14977 | Lair:3   | Reached skill level 10 in Armour
 15274 | Lair:3   | Noticed a death yak
 15279 | Lair:3   | Killed a death yak
 15280 | Lair:3   | Reached XP level 13. HP: 34/83 MP: 13/13
 16153 | Lair:4   | Received a gift from Trog
 16767 | Lair:4   | Reached skill level 10 in Dodging
 18185 | Lair:6   | Entered Level 6 of the Lair of Beasts
 18269 | Lair:6   | Found the +8 lance "Wyrmbane" {slay drac, rPois rF+ rC+
                  | AC+3}
 18465 | Lair:6   | Found a staircase to the Slime Pits.
 18481 | Lair:6   | Found a viscous altar of Jiyva.
 18529 | Lair:6   | Identified a scroll of acquirement
 18529 | Lair:6   | Acquired a manual of Maces & Flails
 18682 | Lair:6   | Reached skill level 1 in Stealth
 18724 | Lair:6   | Reached skill level 1 in Evocations
 18773 | Lair:6   | Gained mutation: Your large and strong wings let you fly.
                  | [Gargoyle growth]
 18773 | Lair:6   | Reached XP level 14. HP: 90/90 MP: 14/14
 19883 | D:2      | Bought a scarf of resistance for 320 gold pieces
 20298 | D:10     | Found a shimmering blue altar of Sif Muna.
 20308 | D:10     | Found a transporter.
 20345 | D:10     | Found a transporter.
 20392 | D:10     | Found an opulent altar of Gozag.
 20827 | D:11     | Found Venerox's Armour Shop.
 20850 | D:11     | Found a staircase to the Orcish Mines.
 21532 | D:12     | Reached ****** piety under Trog
 21532 | D:12     | Received a gift from Trog
 21658 | D:12     | Found a runed translucent gate.
 21658 | D:12     | Found a runed translucent gate.
 21658 | D:12     | Found a runed translucent gate.
 21658 | D:12     | Noticed Discosetron's ghost (journeyman DjFE)
 21662 | D:12     | Found a basalt altar of Yredelemnul.
 21997 | D:12     | Killed Discosetron's ghost
 22107 | D:10     | Killed Domino's ghost
 22266 | D:13     | Found a frozen archway.
 22287 | IceCv    | Entered an ice cave
 22294 | IceCv    | Reached XP level 15. HP: 97/97 MP: 15/15
 22329 | IceCv    | Found a transporter.
 22334 | IceCv    | Found the +12 glaive of Prune {vorpal}
 22358 | IceCv    | Found a transporter.
 22470 | D:13     | Noticed Maurice
 22474 | D:13     | Killed Maurice
 22573 | D:13     | Noticed Frances
 22583 | D:13     | Killed Frances
 22806 | D:13     | Found a gate to the Vaults.
 22828 | D:13     | Received a gift from Trog
 23651 | D:14     | Noticed Jorgrun
 23657 | D:14     | Killed Jorgrun
 23915 | D:14     | Identified the +7 lajatang "Zoaph" {spect, rPois rF+}
 23925 | D:14     | Identified the +10 demon blade "Caomm" {antimagic, *Slow
                  | rF+ rCorr}
 23938 | D:15     | Entered Level 15 of the Dungeon
 23990 | D:15     | Noticed Nessos
 23996 | D:15     | Killed Nessos
 24024 | D:15     | Noticed Agnes
 24039 | D:15     | Killed Agnes
 24231 | D:15     | Received a gift from Trog
 24232 | D:15     | Reached skill level 5 in Evocations
 24233 | D:15     | Noticed Rupert
 24255 | D:15     | Killed Rupert
 24256 | D:15     | Reached XP level 16. HP: 59/105 MP: 16/16
 24899 | D:15     | Found a staircase to the Depths.
 25369 | Orc:1    | Entered Level 1 of the Orcish Mines
 25442 | Orc:2    | Entered Level 2 of the Orcish Mines
 25669 | Orc:2    | Found Eleas's Antique Armour Shoppe.
 25669 | Orc:2    | Found Xaplat's Distillery.
 25669 | Orc:2    | Found Haach's Distillery.
 25677 | Orc:2    | Found Idibb's Distillery.
 25686 | Orc:2    | Received a gift from Trog
 25696 | Orc:2    | Bought a pair of translucent boots for 218 gold pieces
 25696 | Orc:2    | Identified the +0 pair of boots "Zeabrius" {rN+++ Str+3
                  | Int-4} (You bought it in a shop on level 2 of the Orcish
                  | Mines)
 25812 | Orc:2    | Found a bloodstained altar of Trog.
 25933 | Orc:2    | Found a staircase to the Elven Halls.
 26668 | Orc:1    | You are sucked into a shaft and drop 1 floor!
 26734 | Orc:1    | Reached skill level 15 in Maces & Flails
 26783 | Orc:1    | Identified the +0 chain mail of Exclusion {Regen+ Int+4}
 26906 | Orc:2    | Bought polished steam dragon scales for 1035 gold pieces
 26906 | Orc:2    | Identified the +1 steam dragon scales of Glamorous Birdsong
                  | {Str+5} (You bought it in a shop on level 2 of the Orcish
                  | Mines)
 27099 | Shoals:1 | Entered Level 1 of the Shoals
 27218 | Shoals:1 | Noticed Donald
 27225 | Shoals:1 | Killed Donald
 27392 | Shoals:1 | Noticed Aizul
 27404 | Shoals:1 | Killed Aizul
 27952 | Shoals:2 | Noticed Ilsuiw
 27959 | Shoals:2 | Killed Ilsuiw
 28070 | Shoals:1 | Reached skill level 15 in Fighting
 28145 | Shoals:2 | Noticed Polyphemus
 28162 | Shoals:2 | Killed Polyphemus
 28163 | Shoals:2 | Reached XP level 17. HP: 62/113 MP: 17/17
 28347 | Shoals:2 | Identified the +2 leather armour of the Distant Future
                  | {rElec rN+}
 28418 | Shoals:2 | Received a gift from Trog
 28426 | Shoals:2 | Reached skill level 15 in Armour
 29079 | Shoals:3 | Found Muru Lad's Assorted Antiques.
 29305 | Shoals:3 | Noticed Nikola
 29412 | Shoals:3 | Killed Nikola
 30048 | Shoals:4 | Entered Level 4 of the Shoals
 30136 | Shoals:4 | Identified the amulet "Laclar" {*Slow Regen+ Dex+6}
 30445 | Shoals:4 | Got a barnacled rune of Zot
 30979 | Shoals:4 | Found the +6 arbalest "Damnation" {damnation}
 31526 | Snake:1  | Entered Level 1 of the Snake Pit
 31875 | Snake:1  | Received a gift from Trog
 32192 | Snake:1  | Reached XP level 18. HP: 117/120 MP: 10/18
 32708 | Snake:2  | Found an opulent altar of Gozag.
 34040 | Snake:3  | Identified the +8 double sword of the Abyss {antimagic,
                  | Str+3} (Trog gifted it to you on level 3 of the Snake Pit)
 34040 | Snake:3  | Received a gift from Trog
 34173 | Snake:3  | Found Visoiri's CLEARANCE SALE! EVERYTHING MUST GO!.
 34196 | Snake:3  | Identified the ring "Biaroc" {rN+ Int+6}
 34239 | Snake:3  | Found Meid's Book Shop.
 34242 | Snake:3  | Found Unuabuff's Assorted Antiques.
 34244 | Snake:3  | Found Koessab's Distillery.
 34952 | Snake:4  | Entered Level 4 of the Snake Pit
 35993 | Snake:4  | Reached XP level 19. HP: 95/128 MP: 19/19
 36217 | Snake:4  | Received a gift from Trog
 36313 | Snake:4  | HP: 3/128 [nagaraja/poison arrow (8)]
 36317 | Snake:4  | Reached XP level 20. HP: 28/134 MP: 20/20
 36318 | Snake:4  | Slain by a naga warrior

Illustrated notes

Levels and vault maps discovered:
D:1:      lemuel_arrival_lava_pool, layout_loops_corners,
          shapermc_ecumenical_altar_mp_highgroup, kennysheep_nondescript,
          minmay_hexomino_r4
D:2:      layout_basic, serial_shops, shop, shop, nicolae_shop_waterfront,
          nicolae_shop_stone, minmay_misc_feat_ornament, minivault_5,
          grunt_decor_mini_mirrors, chequers_avenue,
          chequers_serial_rivers_micro_e, grunt_ministairs_2,
          kennysheep_generic_room_4, uniq_jessica, uniq_crazy_yiuf_cottage,
          uniq_sigmund
D:3:      kennysheep_the_goblin_king, layout_rooms, kennysheep_doodads,
          serial_bayou_crossing, uniq_ijyb
D:4:      layout_loops_corners, kiku_gazebo_pond_becter
D:5:      layout_basic, overflow_temple_1_default
D:6:      layout_gridville, minmay_temple_entry_mist, gammafunk_ghost_split
D:7:      layout_basic, uniq_maggie
D:8:      layout_rooms, introduction_to_nature_1
D:9:      layout_small_grid, grunt_lair_entry_orc_guard_hut, serial_shops,
          nicolae_shop_behind_doors
D:10:     layout_loops_ring, lemuel_doored_altar,
          mainiacjoe_overflow_six_doors_small, gammafunk_ghost_arena
D:11:     layout_cave_pools, serial_shops, nicolae_stop_n_shop_2
D:12:     layout_loops_cross, nicolae_yredelemnul_ghost_church
D:13:     layout_stronghold, lightli_vaults_fourway_checkpoint,
          portal_ice_cave_demonic_guard, serial_column_ruins,
          column_ruins_grid_2, column_ruins_columns_straight,
          column_ruins_columns_straight, column_ruins_open_tiny,
          column_ruins_corridor_straight, column_ruins_open_small,
          column_ruins_open_medium, uniq_maurice, uniq_frances
D:14:     layout_cave_pools, serial_bayou_pond_e, minmay_misc_feat_five,
          minivault_21, uniq_jorgrun
D:15:     hangedman_depths_entry_civil_slaughter, layout_stronghold,
          uniq_nessos, uniq_rupert, uniq_agnes
Lair:1:   layout_regular_city, basic_altar, uniq_joseph
Lair:2:   layout_roguey, elwin_shoals_entry_rooms, uniq_prince_ribbit2
Lair:3:   nzn_winding_woodlands_stair_cross
          [nzn_winding_woodlands_5x15_lazy_stream,
          nzn_winding_woodlands_center_pierced_h,
          nzn_winding_woodlands_5x15_twine,
          nzn_winding_woodlands_5x5_closed_star,
          nzn_winding_woodlands_5x5_default, nzn_winding_woodlands_5x15_pockets,
          nzn_winding_woodlands_center_lodge,
          nzn_winding_woodlands_5x15_longhouse], layout_small_grid
Lair:4:   layout_layer_cave
Lair:5:   layout_concentric_octagons, chequers_serial_rivers_small_a,
          minivault_23, chequers_serial_rivers_large_b, serial_bayou_pond_d
Lair:6:   grunt_lair_end_beastmaster, layout_loops_ring, slime_altar_1,
          kennysheep_basilisk_garden
Shoals:1: layout_shoals, uniq_donald, uniq_aizul
Shoals:2: layout_shoals, nicolae_shoals_lost_giant_baths, uniq_polyphemus,
          uniq_ilsuiw
Shoals:3: layout_shoals, serial_shops, shop_fountains, uniq_nikola
Shoals:4: shoals_end_simple, layout_shoals, nicolae_shoals_this_corrosion
Snake:1:  layout_misc_corridors
Snake:2:  nicolae_snake_attic_fulla_snakes, layout_chambers, basic_altar,
          grunt_megastairs_2
Snake:3:  layout_misc_corridors, nicolae_shop_clearance, minmay_shop_star
Snake:4:  johnstein_snake_rune_scales, layout_layer_cave,
          nicolae_snake_gridmaze_squiggle, grunt_ministairs_13
Orc:1:    layout_diamond_mine, elf_legates
Orc:2:    st_orc_mages, layout_caves, basic_altar

Skill      XL: |  1  2  3  4  5  6  7  8  9 10 11 12 13 14 15 16 17 18 19 |
---------------+----------------------------------------------------------+-----
Dodging        | 2 3 4 5 7 8 9 10 11 12 13 14 | 14.8
Fighting       | 4 5 6 7 8 9 10 11 12 13 15 16 17 | 17.2
Maces & Flails | 4 5 6 7 9 10 11 12 13 14 15 16 17 | 17.7
Armour         | 3 4 5 6 7 8 9 10 11 12 13 14 15 16 17 | 17.0
Shields        | 1 3 5 6 7 8 9 |  9.2
Stealth        | 1 2 |  2.0
Evocations     | 1 3 5 |  5.0

Action                   |  1- 3 |  4- 6 |  7- 9 | 10-12 | 13-15 | 16-18 | 19-21 || total
-------------------------+-------+-------+-------+-------+-------+-------+-------++-------
Melee: Mace              |   110 |   148 |   154 |   509 |    17 |       |       ||   938
       Flail             |       |       |   148 |       |       |       |       ||   148
       Great mace        |       |       |       |       |   601 |   501 |       ||  1102
       Dire flail        |       |       |       |       |     9 |       |       ||     9
       Morningstar       |       |       |       |       |       |  1031 |    55 ||  1086
Invok: Berserk           |     3 |     3 |     5 |     6 |    15 |    11 |       ||    43
       Trog's Hand       |       |     1 |     2 |     1 |     2 |     6 |       ||    12
       Brothers in Arms  |       |       |       |     3 |     5 |     6 |       ||    14
Evoke: Wand              |       |       |     4 |     5 |     3 |     5 |       ||    17
  Use: Scroll            |       |       |     5 |     5 |    25 |     7 |     2 ||    44
       Potion            |       |       |       |       |       |     2 |     3 ||     5
 Stab: Sleeping          |       |       |       |     4 |     4 |       |       ||     8
       Distracted        |       |       |       |       |    14 |    18 |       ||    32
       Petrified         |       |       |       |       |       |     6 |       ||     6
Armor: Animal skin       |    30 |       |       |       |       |       |       ||    30
       Ring mail         |     4 |   103 |   164 |       |       |       |       ||   271
       Steam dragon scal |       |       |       |   228 |   300 |       |       ||   528
       Troll leather arm |       |       |       |       |    15 |    95 |       ||   110
       Chain mail        |       |       |       |       |       |   772 |    36 ||   808
Dodge: Dodged            |    59 |    87 |   194 |   350 |   699 |  1112 |    33 ||  2534
Block: Kite shield       |       |       |    11 |       |       |   810 |    47 ||   868
       Buckler           |       |       |       |    95 |     6 |       |       ||   101
       Other             |       |       |       |       |       |    73 |       ||    73
       Reflection        |       |       |       |       |       |    54 |     6 ||    60
